 Dungeon Crawl Stone Soup version 0.31-a0-149-g3fdcc5976a (webtiles) character file.

Game seed: 16561820957930444664

1416 jlumianski the Magician (level 9, -1/57 HPs)
             Began as a Djinni Fire Elementalist on June 7, 2023.
             Was a Follower of Makhleb.
             Slain by a wight
             ... wielding a +4 mace of freezing
              (3 damage)
             ... on level 6 of the Dungeon.
             The game lasted 00:27:23 (5181 turns).

jlumianski the Magician (Djinni Fire Elementalist)  Turns: 5181, Time: 00:27:26

Health: -1/57      AC:  5    Str:  7    XL:     9   Next: 2%
Gold:   191        EV: 13    Int: 21    God:    Makhleb [*.....] SH:  0 Dex: 14

rFire   + + .        E - +12 glaive of Prune {freeze, Prune}
rCold   x . .        (shield currently unavailable)
rNeg    . . .        a - +0 robe
rPois   ∞            (no helmet)
rElec   .            (no cloak)
rCorr   .            b - +2 pair of gloves
SInv    .            (boots unavailable)
Will    .....        (no amulet)
Stlth   +++          (no ring)
HPRegen 0.29/turn    (no ring)
MPRegen 0.00/turn

%: infuse magic (-2 HP)
@: flying
A: sickness immunity, fire resistance 2, cold vulnerability 1, float, innate
caster, HP casting, extra vitality 1
a: Renounce Religion


You were on level 6 of the Dungeon.
You worshipped Makhleb.
Makhleb was aware of your devotion.
You visited 2 branches of the dungeon, and saw 9 of its levels.

You collected 284 gold pieces.
You spent 93 gold pieces at shops.

Inventory:

Hand Weapons
 e - a +0 short sword
 q - a +0 rapier
 y - a +0 lajatang
 E - the +12 glaive of Prune (weapon) {freeze, Prune}
   (You found it on level 6 of the Dungeon)

   Prune:     It halves damage taken while paralysed, petrified or unconscious.
Missiles
 r - 5 poisoned darts
 t - 5 atropa-tipped darts
 x - a throwing net
Armour
 a - a +0 robe (worn)
 b - a +2 pair of gloves (worn)
Jewellery
 p - a ring of fire
Wands
 c - a wand of charming (12)
 z - a wand of digging (2)
Scrolls
 d - a scroll of vulnerability {unknown}
 f - a scroll of amnesia {unknown}
 h - 3 scrolls of teleportation
 j - 2 scrolls of immolation
 o - a scroll of enchant weapon {unknown}
 v - a scroll of fog {unknown}
 A - a scroll of poison {unknown}
 C - a scroll of brand weapon {unknown}
 F - a scroll of identify
Potions
 g - 5 potions of curing
 k - 3 potions of enlightenment
 l - a potion of ambrosia
 m - 2 potions of brilliance
 n - a potion of attraction
 s - a potion of mutation
 u - a potion of might
 w - a potion of magic
 B - a potion of cancellation
 D - a potion of degeneration


   Skills:
 + Level 1.3 Fighting
 - Level 1.0 Short Blades
 * Level 0.5(1.0) Polearms
 - Level 1.4(1.6) Staves
 * Level 4.1 Dodging
 * Level 4.0 Stealth
 + Level 0.4 Unarmed Combat
 * Level 5.6 Spellcasting
 * Level 5.6 Conjurations
 * Level 5.6 Hexes
 * Level 5.6 Summonings
 * Level 5.6 Necromancy
 * Level 5.6 Translocations
 * Level 5.6 Transmutations
 * Level 5.6 Fire Magic
 * Level 5.6 Ice Magic
 * Level 5.6 Air Magic
 * Level 5.6 Earth Magic
 * Level 5.6 Poison Magic
 * Level 5.1 Invocations


You knew the following spells:

 Your Spells              Type           Power      Damage    Failure   Level
a - Foxfire               Conj/Fire      100%       2x1d9     1%          1
b - Scorch                Fire           58%        2d7       1%          2
c - Volatile Blastmotes   Fire/Tloc      58%        2d14      3%          3
d - Inner Flame           Hex/Fire       29%        N/A       3%          3
e - Flame Wave            Conj/Fire      29%        2d9       10%         4
f - Necrotise             Necr           100%       1d9       1%          1
g - Passwall              Tmut/Erth      24%        N/A       1%          2
h - Tukima's Dance        Hex            29%        N/A       3%          3
i - Mephitic Cloud        Conj/Pois/Air  29%        N/A       3%          3
Your spell library was empty.

Dungeon Overview and Level Annotations

Branches:
Dungeon (8/15)             Temple (1/1) D:5
   Lair: D:8-11

Altars:
Ashenzari
Dithmenos
Elyvilon
Gozag
Hepliaklqana
Makhleb
Nemelex Xobeh
Okawaru
Qazlal
Ru
Trog
Xom
Yredelemnul
Zin
The Shining One

Shops:
D:4 :   D:5 (*(

Annotations:
D:6 2 runed translucent doors, comborobin's ghost, weakling DEDe


Innate Abilities, Weirdness & Mutations

You are immune to sickness and miasma.
You are immune to poison.
Your flesh is very heat resistant. (rF++)
You are vulnerable to cold. (rC-)
You float through the air rather than walking.
You learn spells naturally, not from books.
Your magical power is your life essence.
You have superior vitality. (+4 MHP)


Message History

The water moccasin is heavily wounded.
The foxfire hits the wight but does no damage.
The water moccasin bites you. The wight barely misses you.
Casting: Foxfire (safe; 1% risk of failure)
Confirm with . or Enter, or press ? or * to list all spells.
You conjure some foxfire!
The water moccasin bites you but does no damage.
The wight hits you with a +4 mace of freezing.
The wight freezes you.
You miss the water moccasin.
The water moccasin is heavily wounded.
The water moccasin is no longer moving slowly.
The foxfire hits the wight.
The wight is lightly damaged.
The foxfire hits the wight.
The wight is moderately damaged.
The wight hits you with a +4 mace of freezing.
The wight freezes you. The water moccasin bites you!
The wight closely misses you. The water moccasin bites you.
Casting: Foxfire (safe; 1% risk of failure)
Confirm with . or Enter, or press ? or * to list all spells.
You conjure some foxfire!
The water moccasin bites you! The wight closely misses you.
You miss the water moccasin.
The water moccasin is heavily wounded.
The foxfire hits the wight.
The wight is moderately damaged.
The foxfire hits the wight but does no damage.
The wight is moderately damaged.
The water moccasin bites you.
* * * LOW HITPOINT WARNING * * *
The wight hits you but does no damage. The water moccasin bites you.
* * * LOW HITPOINT WARNING * * *
As you read the scroll of fear, it crumbles to dust.
You assume a fearsome visage.
The wight is unaffected.
The water moccasin looks frightened!
The wight hits you with a +4 mace of freezing!
* * * LOW HITPOINT WARNING * * *
The wight freezes you.
You die...

###.####..##.....#.
......##................
....#..#.#..............
....##..............(...
.....#..................
........................
...#...###........S.....
...###..##.....§.......^
...# #.........§@z......
...# #.#####.....#......
...###.# ##.#..# ...##
....##.# #.).## #.#
....##.# #...# #.##.
.....#.# ##.#.# #..#.
...#...# ###..#.#
##..#.######
...#######....#.#
#..........## ..##
#........###............##


You could see a water moccasin (fleeing) and a wight.

Vanquished Creatures
  Grinder (D:3)
  An ice beast (D:6)
  2 black bears (D:6)
  A centaur (D:6)
  3 scorpions
  A wight (D:6)
  An orc priest (D:5)
  5 hounds
  A jelly (D:4)
  2 sleepcaps (D:6)
  Natasha (D:3)
  Terence (D:2)
  An iguana (D:7)
  An orc wizard (D:5)
  A gnoll (D:3)
  9 adders
  A shadow imp (D:5)
  2 white imps (D:6)
  2 worms
  2 dart slugs
  6 orcs
  5 bats
  3 endoplasms (D:1)
  2 giant cockroaches
  3 hobgoblins
  5 jackals
  5 kobolds
  5 quokkas
  5 ball pythons
  A frilled lizard (D:1)
  5 goblins
  4 rats
88 creatures vanquished.

Vanquished Creatures (collateral kills)
  An ogre (D:6)
  An iguana (D:6)
2 creatures vanquished.

Vanquished Creatures (others)
  226 foxfires
226 creatures vanquished.

Grand Total: 316 creatures vanquished

Notes
Turn   | Place    | Note
-------+----------+-------------------------------------------
     0 | D:1      | jlumianski the Djinni Fire Elementalist began the quest for
                  | the Orb.
     0 | D:1      | jlumianski set off with the following spells memorised:
                  | Foxfire, Scorch, Volatile Blastmotes, Inner Flame, Flame
                  | Wave.
     0 | D:1      | Reached XP level 1. HP: 15/15 MP: 0/0
   136 | D:1      | Reached XP level 2. HP: 16/21 MP: 0/0
   499 | D:1      | Reached XP level 3. HP: 23/25 MP: 0/0
   499 | D:1      | Learned a level 1 spell: Necrotise
  1056 | D:2      | Noticed Terence
  1076 | D:2      | Killed Terence
  1077 | D:2      | Reached XP level 4. HP: 25/31 MP: 0/0
  1409 | D:3      | Noticed a scorpion
  1414 | D:3      | Killed a scorpion
  1415 | D:3      | Reached XP level 5. HP: 21/35 MP: 0/0
  1415 | D:3      | Learned a level 2 spell: Passwall
  1428 | D:5      | Entered Level 5 of the Dungeon
  1431 | D:5      | Found Kolleast's Weapon Emporium.
  2096 | D:6      | Noticed a bullfrog
  2096 | D:6      | Found a burning altar of Makhleb.
  2096 | D:6      | Found a runed translucent door.
  2100 | D:6      | Noticed comborobin's ghost (weakling DEDe)
  2104 | D:6      | Reached XP level 6. HP: 38/40 MP: 0/0
  2110 | D:6      | Became a worshipper of Makhleb the Destroyer
  2169 | D:4      | Reached skill level 1 in Invocations
  2627 | D:3      | Noticed Natasha
  2634 | D:3      | Killed Natasha
  2845 | D:3      | Noticed Grinder
  3079 | D:3      | Killed Grinder
  3080 | D:3      | Reached XP level 7. HP: 45/46 MP: 0/0
  3080 | D:3      | Learned a level 3 spell: Tukima's Dance
  3304 | D:4      | Found Paunatam's Book Boutique.
  3911 | D:5      | Reached skill level 1 in Short Blades
  4023 | D:5      | Found Oczec's Assorted Antiques.
  4031 | D:5      | Bought a potion of curing for 93 gold pieces
  4054 | D:5      | Found Wocloth's Weapon Emporium.
  4063 | D:5      | Reached XP level 8. HP: 39/51 MP: 0/0
  4124 | D:5      | Reached skill level 5 in Spellcasting
  4124 | D:5      | Reached skill level 5 in Conjurations
  4124 | D:5      | Reached skill level 5 in Hexes
  4124 | D:5      | Reached skill level 5 in Summonings
  4124 | D:5      | Reached skill level 5 in Necromancy
  4124 | D:5      | Reached skill level 5 in Translocations
  4124 | D:5      | Reached skill level 5 in Transmutations
  4124 | D:5      | Reached skill level 5 in Fire Magic
  4124 | D:5      | Reached skill level 5 in Ice Magic
  4124 | D:5      | Reached skill level 5 in Air Magic
  4124 | D:5      | Reached skill level 5 in Earth Magic
  4124 | D:5      | Reached skill level 5 in Poison Magic
  4186 | D:5      | Found a staircase to the Ecumenical Temple.
  4195 | Temple   | Entered the Ecumenical Temple
  4453 | D:6      | Reached skill level 1 in Fighting
  4484 | D:7      | Reached * piety under Makhleb
  4565 | D:5      | Found a white marble altar of Elyvilon.
  4691 | D:6      | Found a runed translucent door.
  4775 | D:6      | Reached skill level 1 in Staves
  4924 | D:6      | Reached skill level 5 in Invocations
  4984 | D:7      | Noticed a yak
  4985 | D:7      | Noticed a yak
  5008 | D:6      | Found the +12 glaive of Prune {freeze, Prune}
  5168 | D:6      | Reached XP level 9. HP: 57/57 MP: 0/0
  5168 | D:6      | Learned a level 3 spell: Mephitic Cloud
  5181 | D:6      | HP: 2/57 [wight/+4 mace of freezing (9)]
  5181 | D:6      | Slain by a wight

Illustrated notes

Levels and vault maps discovered:
D:1:      dpeg_arrival_court, layout_loops_ring
D:2:      layout_loops_ring, columned_hall_lemuel, uniq_terence
D:3:      layout_basic, uniq_grinder, uniq_natasha
D:4:      layout_basic, serial_shops, nicolae_book_shop_shelving,
          corexii_checkpoint_a, cheibrodos_gnoll_hut
D:5:      layout_rooms, overflow_temple_1_default, temple_fountains,
          serial_shops, shop, shop, nicolae_shop_pleasant_corner_grove
D:6:      layout_rooms, bloody_makhleb, ebering_ghost_sewer_f
D:7:      layout_cave_pools, minmay_strange_pillars, kennysheep_another_room,
          nicolae_shop_i_like_small_books_too, minmay_shop_mayhem
D:8:      layout_basic, old_standard_altar, mainiacjoe_overflow_cross_hatched,
          uniq_maurice
Temple:   nicolae_temple_superstar

Skill      XL: |  1  2  3  4  5  6  7  8 |
---------------+-------------------------+-----
Spellcasting   | 4 5 |  5.6
Conjurations   | 4 5 |  5.6
Hexes          | 4 5 |  5.6
Summonings     | 4 5 |  5.6
Necromancy     | 4 5 |  5.6
Translocations | 4 5 |  5.6
Transmutations | 4 5 |  5.6
Fire Magic     | 4 5 |  5.6
Ice Magic      | 4 5 |  5.6
Air Magic      | 4 5 |  5.6
Earth Magic    | 4 5 |  5.6
Poison Magic   | 4 5 |  5.6
Stealth        | 2 3 4 |  4.0
Dodging        | 3 4 |  4.1
Invocations    | 2 3 5 |  5.1
Short Blades   | 1 |  1.0
Fighting       | 1 |  1.3
Staves         | 1 |  1.4
Polearms       | |  0.5
Unarmed Combat | |  0.4

Action                     |  1- 3 |  4- 6 |  7- 9 || total
---------------------------+-------+-------+-------++-------
  Melee: Unarmed           |     7 |       |       ||     7
         Short sword       |    10 |     6 |       ||    16
         Rapier            |       |    14 |     7 ||    21
         Lajatang          |       |       |    14 ||    14
         Glaive            |       |       |     5 ||     5
   Cast: Foxfire           |    32 |    44 |    53 ||   129
         Scorch            |     2 |     6 |     8 ||    16
         Necrotise         |     2 |       |     5 ||     7
         Volatile Blastmot |     1 |     2 |     7 ||    10
         Inner Flame       |     1 |       |     1 ||     2
         Passwall          |       |     1 |     1 ||     2
         Tukima's Dance    |       |       |     1 ||     1
    Use: Scroll            |       |     7 |     7 ||    14
         Potion            |       |     1 |     1 ||     2
   Stab: Sleeping          |     2 |     1 |       ||     3
 Armour: Robe              |     2 |     2 |    15 ||    19
  Dodge: Dodged            |    10 |    20 |    56 ||    86

Table legend: (Time is in decaauts)
 A = Elapsed time spent in this place.
 B = Non-inter-level travel time spent in this place.
 C = Inter-level travel time spent in this place.
 D = Time resting spent in this place.
 E = Time spent auto-exploring this place.
 F = Levels seen in this place.
 G = Mean time per level.
                   A        B        C        D        E       F      G
               +--------+--------+--------+--------+--------+-----+--------+
         Total |   5199 |   5074 |    125 |    446 |   3050 |   9 |  577.7 |
       Dungeon |   5087 |   4962 |    125 |    446 |   2977 |   8 |  635.9 |
        Temple |    111 |    111 |      0 |      0 |     73 |   1 |  111.0 |
               +--------+--------+--------+--------+--------+-----+--------+

Top non-repeatable levels by time:
     D:3: 1154 daAuts
     D:2: 953 daAuts
     D:1: 894 daAuts
     D:4: 809 daAuts
     D:6: 611 daAuts
     D:5: 545 daAuts
  Temple: 111 daAuts
     D:7: 78 daAuts
     D:8: 39 daAuts
